General information
- name: BNet
- type: Ladder team game (AT/RT)
- host: Battle.net
- saver: DepressedMoper
map: Mur'gulOasis
- players: 8
- length: 11:12
- speed: Fast
- version: 1.27 W3XP
- replay type: Public
» download(63 KB)
Players
team 1 (loser)

»
Copula (
pink | 29 APM | 320 actions | 11:12)
3 Mountain King
2 Storm Bolt
1 Bash
» actions
| Build / train | 36 | |
| Enter build submenu | 15 | |
| Enter hero's abilities submenu | 3 | |
| Right click | 115 | |
| Select / deselect | 122 | |
| Use ability | 29 | |
320 total
» units
| Peasant | 10 | |
| Rifleman | 8 | |
| Mortar Team | 3 | |
21 total
» upgrades
| Gunpowder | 1 | |
| Armor | 1 | |
| Long Rifles | 1 | |
| Fragmentation Shards | 1 | |
4 total
» buildings
| Altar of Kings | 1 | |
| Farm | 6 | |
| Barracks | 1 | |
| Lumber Mill | 1 | |
| Arcane Vault | 1 | |
| Blacksmith | 1 | |
| Keep | 1 | |
| Castle | 1 | |
| Workshop | 2 | |
15 total
» build order
00:07 Altar of Kings
00:11 Farm
00:57 Farm
01:37 Farm
01:58 Barracks
02:16 Lumber Mill
02:34 Arcane Vault
02:57 Blacksmith
03:17 Farm
04:17 Keep
06:50 Castle
07:04 Workshop
07:11 Workshop
07:59 Farm
08:40 Farm
» items
| Lesser Clarity Potion | 1 | |
| Scroll of Regeneration | 1 | |
| Scroll of Town Portal | 1 | |
| Orb of Fire | 1 | |
| Potion of Healing | 1 | |
5 total
Lord_Pappsmear (
teal | 38 APM | 273 actions | 07:14)
2 Death Knight
1 Death Coil
1 Unholy Aura
» actions
| Build / train | 19 | |
| Enter build submenu | 14 | |
| Enter hero's abilities submenu | 2 | |
| Right click | 156 | |
| Select / deselect | 65 | |
| Use ability | 17 | |
273 total
» units
| Acolyte | 2 | |
| Ghoul | 3 | |
| Crypt Fiend | 5 | |
10 total
» upgrades
| Creature Attack | 1 | |
| Creature Carapace | 1 | |
2 total
» buildings
| Crypt | 1 | |
| Altar of Darkness | 1 | |
| Ziggurat | 9 | |
| Graveyard | 1 | |
| Halls of the Dead | 1 | |
| Spirit Tower | 3 | |
16 total
» build order
00:11 Crypt
00:16 Altar of Darkness
00:37 Ziggurat
01:03 Graveyard
01:46 Ziggurat
02:24 Ziggurat
02:30 Ziggurat
03:46 Halls of the Dead
04:34 Spirit Tower
05:26 Ziggurat
05:35 Ziggurat
05:38 Ziggurat
05:42 Ziggurat
05:51 Ziggurat
06:23 Spirit Tower
06:39 Spirit Tower

»
Mina_TheOne (
red | 39 APM | 442 actions | 11:12)
3 Priestess of the Moon
1 Searing Arrows
2 Trueshot Aura
» actions
| Assign group hotkey | 7 | |
| Basic commands | 56 | |
| Build / train | 42 | |
| Enter build submenu | 12 | |
| Enter hero's abilities submenu | 4 | |
| Remove unit from queue | 1 | |
| Right click | 108 | |
| Select / deselect | 176 | |
| Select group hotkey | 10 | |
| Use ability | 26 | |
442 total
» units
| Wisp | 12 | |
| Archer | 8 | |
| Huntress | 5 | |
| Hippogryph | 1 | |
26 total
» upgrades
| Ultravision | 1 | |
| Strength of the Moon | 2 | |
| Moon Armor | 1 | |
| Strength of the Wild | 1 | |
| Reinforced Hides | 1 | |
| Improved Bows | 1 | |
| Hippogryph Taming | 1 | |
8 total
» buildings
| Moon Well | 4 | |
| Altar of Elders | 1 | |
| Ancient of War | 2 | |
| Hunter's Hall | 1 | |
| Ancient Protector | 2 | |
| Ancient of Wonders | 1 | |
| Tree of Ages | 1 | |
| Ancient of Wind | 1 | |
13 total
» build order
00:29 Moon Well
00:47 Altar of Elders
01:39 Ancient of War
01:51 Moon Well
02:10 Hunter's Hall
03:19 Ancient Protector
03:46 Ancient Protector
05:10 Moon Well
05:35 Moon Well
05:56 Ancient of Wonders
06:53 Tree of Ages
06:59 Ancient of War
09:54 Ancient of Wind
» items
| Circlet of Nobility | 1 | |
| Scroll of Town Portal | 1 | |
2 total
DepressedMoper (
orange | 60 APM | 671 actions | 11:12)
5 Blademaster
3 Wind Walk
2 Critical Strike
» actions
| Assign group hotkey | 29 | |
| Basic commands | 1 | |
| Build / train | 37 | |
| Enter build submenu | 16 | |
| Enter hero's abilities submenu | 4 | |
| Right click | 380 | |
| Select / deselect | 114 | |
| Select group hotkey | 21 | |
| Use ability | 69 | |
671 total
» units
» upgrades
» buildings
| Orc Burrow | 4 | |
| Altar of Storms | 1 | |
| Barracks | 1 | |
| Voodoo Lounge | 2 | |
| Stronghold | 1 | |
| War Mill | 1 | |
| Beastiary | 2 | |
| Watch Tower | 5 | |
17 total
» build order
00:37 Orc Burrow
01:17 Altar of Storms
01:19 Barracks
01:31 Orc Burrow
02:27 Voodoo Lounge
02:35 Voodoo Lounge
03:15 Stronghold
04:55 War Mill
06:45 Beastiary
06:46 Beastiary
06:48 Orc Burrow
06:50 Orc Burrow
07:21 Watch Tower
07:21 Watch Tower
07:21 Watch Tower
07:24 Watch Tower
07:26 Watch Tower
» items
| Healing Salve | 2 | |
| Lesser Clarity Potion | 3 | |
| Potion of Healing | 2 | |
| Potion of Mana | 3 | |
10 total
team 2 (winner)
WhatUCan (
green | 26 APM | 294 actions | 11:12)
3 Archmage
2 Summon Water Elemental
1 Brilliance Aura
» actions
| Basic commands | 5 | |
| Build / train | 27 | |
| Enter build submenu | 16 | |
| Enter hero's abilities submenu | 3 | |
| Right click | 122 | |
| Select / deselect | 100 | |
| Use ability | 21 | |
294 total
» units
» upgrades
» buildings
| Altar of Kings | 1 | |
| Farm | 7 | |
| Barracks | 2 | |
| Keep | 1 | |
| Lumber Mill | 1 | |
| Blacksmith | 1 | |
| Arcane Sanctum | 2 | |
| Castle | 1 | |
16 total
» build order
00:21 Altar of Kings
00:39 Farm
01:13 Barracks
01:19 Farm
02:27 Barracks
03:18 Farm
03:24 Farm
03:33 Farm
05:44 Farm
06:50 Keep
07:40 Lumber Mill
07:48 Blacksmith
09:15 Arcane Sanctum
09:23 Arcane Sanctum
09:27 Castle
10:31 Farm

»
Popos (
purple | 35 APM | 390 actions | 11:12)
3 Crypt Lord
2 Impale
1 Carrion Beetles
2 Death Knight
1 Death Coil
1 Unholy Aura
» actions
| Basic commands | 57 | |
| Build / train | 31 | |
| Enter build submenu | 10 | |
| Enter hero's abilities submenu | 6 | |
| Right click | 127 | |
| Select / deselect | 134 | |
| Use ability | 25 | |
390 total
» units
| Acolyte | 3 | |
| Ghoul | 3 | |
| Crypt Fiend | 11 | |
17 total
» upgrades
| Creature Carapace | 1 | |
| Web | 1 | |
| Creature Attack | 1 | |
3 total
» buildings
| Altar of Darkness | 1 | |
| Ziggurat | 7 | |
| Crypt | 1 | |
| Graveyard | 1 | |
| Halls of the Dead | 1 | |
| Black Citadel | 1 | |
| Nerubian Tower | 1 | |
| Spirit Tower | 1 | |
14 total
» build order
00:13 Altar of Darkness
00:17 Ziggurat
00:38 Crypt
01:15 Graveyard
01:23 Ziggurat
02:16 Ziggurat
03:48 Halls of the Dead
04:37 Ziggurat
05:39 Ziggurat
05:43 Ziggurat
07:25 Ziggurat
07:49 Black Citadel
10:50 Nerubian Tower
10:51 Spirit Tower
Mothman (
yellow | 65 APM | 733 actions | 11:12)
4 Death Knight
2 Death Coil
2 Unholy Aura
» actions
| Build / train | 27 | |
| Enter build submenu | 10 | |
| Enter hero's abilities submenu | 4 | |
| Give item / drop item | 1 | |
| Right click | 548 | |
| Select / deselect | 112 | |
| Use ability | 31 | |
733 total
» units
| Acolyte | 2 | |
| Ghoul | 3 | |
| Crypt Fiend | 9 | |
14 total
» upgrades
| Creature Attack | 2 | |
| Creature Carapace | 1 | |
3 total
» buildings
| Altar of Darkness | 1 | |
| Ziggurat | 5 | |
| Crypt | 1 | |
| Graveyard | 1 | |
| Tomb of Relics | 1 | |
| Halls of the Dead | 1 | |
| Black Citadel | 1 | |
11 total
» build order
00:07 Altar of Darkness
00:08 Ziggurat
00:12 Crypt
01:06 Graveyard
01:48 Ziggurat
02:31 Ziggurat
03:31 Tomb of Relics
05:00 Ziggurat
06:24 Halls of the Dead
11:02 Black Citadel
11:06 Ziggurat
» items
texas (
blue | 30 APM | 339 actions | 11:12)
2 Mountain King
1 Storm Bolt
1 Thunder Clap
» actions
| Build / train | 31 | |
| Enter build submenu | 22 | |
| Enter hero's abilities submenu | 2 | |
| Right click | 116 | |
| Select / deselect | 137 | |
| Use ability | 31 | |
339 total
» units
» upgrades
» buildings
| Altar of Kings | 1 | |
| Barracks | 2 | |
| Farm | 5 | |
| Lumber Mill | 1 | |
| Scout Tower | 8 | |
| Guard Tower | 8 | |
| Arcane Vault | 1 | |
| Blacksmith | 1 | |
| Keep | 1 | |
| Castle | 1 | |
| Workshop | 1 | |
30 total
» build order
00:24 Altar of Kings
00:27 Barracks
00:33 Farm
01:15 Lumber Mill
01:23 Farm
02:03 Farm
02:11 Scout Tower
02:43 Farm
02:47 Guard Tower
03:15 Arcane Vault
03:37 Blacksmith
04:11 Scout Tower
04:15 Scout Tower
04:32 Scout Tower
04:54 Keep
05:03 Guard Tower
05:05 Scout Tower
05:27 Guard Tower
05:28 Guard Tower
06:02 Scout Tower
06:08 Scout Tower
06:26 Guard Tower
06:32 Scout Tower
06:33 Guard Tower
06:48 Guard Tower
07:07 Guard Tower
07:44 Castle
09:17 Barracks
09:52 Workshop
10:35 Farm
Chat log
(00:18 / Allies) Copula: Greetings
(00:19 / Allies) Copula: Units?
(00:29 / Allies) Lord_Pappsmear: typical UD spider wyrms
(00:44 / Allies) Copula: rifles/mortars/tanks
(01:20 / Allies) Lord_Pappsmear: we should creep mid together asap
(01:51 / Allies) Copula: Agreed
(04:13 / Allies) DepressedMoper: I got it
(04:31 / Allies) DepressedMoper: don't need to creep easy shit by committee
(04:51 / Allies) Mina_TheOne: tech on end ??
(05:15 / Allies) DepressedMoper: bolt
(05:59 / All) DepressedMoper: oh
(06:03 / All) DepressedMoper: no wonder
(06:24 / All) DepressedMoper: fucking thought that ws teal LMAO
(06:34 / All) DepressedMoper: I was like why the fuck my grunts dying
(06:58 / Allies) DepressedMoper: teal you're worhtless man
(07:08 / Allies) Lord_Pappsmear: dude really
(07:13 / Allies) DepressedMoper: great now I'm fucked
(07:14 / All) WhatUCan: hmmm
(07:14 / All) Mothman: trash will be trash
(08:36 / All) DepressedMoper: fuck I hate teal
(10:22 / All) WhatUCan: you have an afk?
(10:55 / All) DepressedMoper: lawl
(11:02 / All) DepressedMoper: no one tped in teal either
(11:02 / All) DepressedMoper: lol
(11:11 / All) DepressedMoper: teal fucks me even from the grave